 Dungeon Crawl Stone Soup version 0.26-a0-946-g9485abf61d (webtiles) character file.

Game seed: 2207792348939549272

69 PentaManta the Insei (level 4, -4/23 HPs)
             Began as a Vine Stalker Monk on Nov 28, 2020.
             Killed by divine providence
             ... invoked by an orc priest
              (11 damage)
             ... on level 2 of the Dungeon.
             The game lasted 00:02:41 (853 turns).

PentaManta the Insei (Vine Stalker Monk)             Turns: 853, Time: 00:02:42

Health: -4/23      AC:  5    Str: 14    XL:     4   Next: 20%
Magic:  0/5        EV: 13    Int: 10    God:
Gold:   108        SH:  0    Dex: 17    Spells: 3/3 levels left

rFire    . . .     SeeInvis .     - Unarmed
rCold    . . .     Faith    .   (no shield)
rNeg     . . .     Spirit   +   a - +0 robe
rPois    .         Reflect  .   (no helmet)
rElec    .         Harm     .   (no cloak)
rCorr    .         Rampage  .   (no gloves)
MR       .....                  g - +2 pair of boots
Stlth    ++........             (no amulet)
HPRegen  0.47/turn              (no ring)
MPRegen  0.09/turn              (no ring)

@: no status effects
A: fangs 2, regeneration 1, magic shield, antimagic bite, no potion heal 3, rot
immunity
a: no special abilities


You were on level 2 of the Dungeon.
You visited 1 branch of the dungeon, and saw 2 of its levels.

You collected 108 gold pieces.

Inventory:

Armour
 a - a +0 robe (worn)
 g - a +2 pair of boots (worn)
Scrolls
 c - a scroll of remove curse {unknown}
 d - a scroll of immolation {unknown}
 e - a scroll of blinking {unknown}
 h - a scroll of identify {unknown}
 i - a scroll of noise {unknown}
Potions
 b - a potion of curing {unknown}
 f - a potion of flight {unknown}
 j - a potion of lignification {unknown}


   Skills:
 - Level 2.6 Fighting
 - Level 2.4 Dodging
 - Level 2.4 Stealth
 + Level 4.9 Unarmed Combat


You had 3 spell levels left.
You didn't know any spells.
Your spell library was empty.

Dungeon Overview and Level Annotations

Branches:
Dungeon (2/15)

Altars:
Okawaru


Innate Abilities, Weirdness & Mutations

You have extremely sharp teeth.
Your natural rate of healing is unusually fast.
When hurt, damage is shared between your health and your magic reserves.
Your bite disrupts and absorbs the magic of your enemies.
Potions cannot restore your health.
You are immune to rotting.


Message History

Press: ? - help, v - describe, . - travel, g - get item
Here: an orc priest, wielding a -3 short sword Item here: 8 gold pieces.
The floor, spattered with blood.
You punch the orc priest!
The orc priest is heavily wounded.
The orc priest hits you with a cursed -3 short sword.
The orc priest looks braver for a moment.
You completely miss the orc priest.
The orc priest is heavily wounded.
The orc priest misses you.
You hit the orc priest. Your bite misses the orc priest.
The orc priest is almost dead.
The orc priest hits you with a cursed -3 short sword.
You barely miss the orc priest.
You bite the orc priest, but do no damage.
The orc priest is almost dead.
The orc priest calls down the wrath of Beogh upon you.
Beogh smites you!
You die...

##.########.#
.. #
#....<.)...>#
.# #
#...#########
# + #.#.# #
#.#.# # #.#.#
#.#.#########
#.#.....)...#
#.#########@#
#.# #o# #.#
#oo......
#########


You could see 2 orc priests and an orc wizard.

Vanquished Creatures
  A hound skeleton (D:2)
  3 adders (D:2)
  A leopard gecko (D:2)
  An orc (D:2)
  3 giant cockroaches (D:1)
  3 goblins
  2 hobgoblins
  A ball python (D:2)
  5 bats
  4 frilled lizards
  4 kobolds
  2 rats (D:1)
30 creatures vanquished.

Notes
Turn   | Place    | Note
-------+----------+-------------------------------------------
     0 | D:1      | PentaManta the Vine Stalker Monk began the quest for the
                  | Orb.
     0 | D:1      | Reached XP level 1. HP: 11/11 MP: 2/2
   114 | D:1      | Reached XP level 2. HP: 15/16 MP: 3/3
   536 | D:1      | You fall into a shaft and drop 1 floor!
   581 | D:2      | Found an iron altar of Okawaru.
   590 | D:2      | Reached skill level 4 in Unarmed Combat
   590 | D:2      | Reached XP level 3. HP: 19/19 MP: 4/4
   770 | D:2      | Gained mutation: Your natural rate of healing is unusually
                  | fast. [Vine Stalker growth]
   770 | D:2      | Reached XP level 4. HP: 23/23 MP: 5/5
   853 | D:2      | Killed from afar by an orc priest

Illustrated notes

Levels and vault maps discovered:
D:1:      co_arrival_square_in_a_square_in_a_square, layout_loops_cross
D:2:      layout_loops_ring, lemuel_doored_altar, tgw_trog, serial_rivers,
          chequers_serial_rivers_micro_e, chequers_serial_rivers_micro_d,
          chequers_serial_rivers_small_b, chequers_serial_rivers_room_b,
          chequers_serial_rivers_large_a, chequers_serial_rivers_micro_c,
          okawaru_trees_1

Skill      XL: |  1  2 |
---------------+-------+-----
Unarmed Combat | 4 |  4.9
Fighting       | |  2.6
Dodging        | |  2.4
Stealth        | |  2.4

Action                   |  1- 3 |  4- 6 || total
-------------------------+-------+-------++-------
Melee: Unarmed           |    61 |    26 ||    87
       Bite              |    15 |     7 ||    22
       Punch             |     2 |     1 ||     3
 Stab: Sleeping          |     4 |     1 ||     5
Armor: Robe              |    14 |     6 ||    20
Dodge: Dodged            |    42 |    14 ||    56

Table legend: (Time is in decaauts)
 A = Elapsed time spent in this place.
 B = Non-inter-level travel time spent in this place.
 C = Inter-level travel time spent in this place.
 D = Time resting spent in this place.
 E = Time spent auto-exploring this place.
 F = Levels seen in this place.
 G = Mean time per level.
                   A        B        C        D        E       F      G
               +--------+--------+--------+--------+--------+-----+--------+
         Total |    855 |    855 |      0 |      0 |    670 |   2 |  427.5 |
       Dungeon |    855 |    855 |      0 |      0 |    670 |   2 |  427.5 |
               +--------+--------+--------+--------+--------+-----+--------+

Top non-repeatable levels by time:
     D:1: 534 daAuts
     D:2: 321 daAuts
